 Dungeon Crawl Stone Soup version 0.21-a0-417-g0adc95b (webtiles) character file.

56 Koleisus the Vandal (level 4, -1/29 HPs)
             Began as a Halfling Hunter on Nov 3, 2017.
             Killed from afar by Sigmund (6 damage)
             ... with a magic dart
             ... on level 2 of the Dungeon.
             The game lasted 00:06:26 (1269 turns).

Koleisus the Vandal (Halfling Hunter)               Turns: 1269, Time: 00:06:26

Health: -1/29      AC:  3    Str: 13    XL:     4   Next: 17%
Magic:  4/4        EV: 14    Int:  9    God:
Gold:   93         SH:  0    Dex: 15    Spells: 3/3 levels left

rFire    . . .     SeeInvis .   a - +1 hunting sling
rCold    . . .     Gourm    .   (shield restricted)
rNeg     . . .     Faith    .   c - +0 leather armour
rPois    .         Spirit   .   (no helmet)
rElec    .         Reflect  .   (no cloak)
rCorr    .         Harm     .   (no gloves)
MR       .....                  (no boots)
Stlth    ++........             (no amulet)
HPRegen  0.09/turn              (no ring)
MPRegen  0.09/turn              (no ring)

@: no status effects
A: mutation resistance 1
a: no special abilities


You were on level 2 of the Dungeon.
You were not hungry.

You visited 1 branch of the dungeon, and saw 3 of its levels.

You collected 93 gold pieces.

Inventory:

Hand Weapons
 a - a +1 hunting sling (weapon)
 b - a +0 short sword
Missiles
 d - 32 sling bullets (quivered)
 e - 46 stones
Armour
 c - a +0 leather armour (worn)
Jewellery
 t - an uncursed amulet of rage {unknown}
Scrolls
 h - a scroll of random uselessness {unknown}
 i - a scroll of recharging {unknown}
 k - a scroll of noise {unknown}
 l - a scroll of remove curse {unknown}
 m - a scroll of immolation {unknown}
 o - a scroll of amnesia {unknown}
 p - 2 scrolls of identify {unknown}
 s - 2 scrolls of fear {unknown}
Potions
 g - a potion of agility {unknown}
 j - 3 potions of curing {unknown}
 n - 2 potions of degeneration {unknown}
 r - a potion of cancellation {unknown}
Comestibles
 f - 2 bread rations
 q - 6 chunks of flesh


   Skills:
 + Level 1.9 Fighting
 + Level 7.6 Slings
 + Level 0.5 Armour
 + Level 2.2 Dodging
 + Level 1.2 Stealth


You had 3 spell levels left.
You didn't know any spells.

Dungeon Overview and Level Annotations

Branches:
Dungeon (3/15)

Altars:

Annotations:
D:2 Sigmund


Innate Abilities, Weirdness & Mutations

You are small and have problems with some larger weapons.
You are somewhat resistant to further mutation.


Message History

Press: ? - help, Shift-Dir - straight line, f/p - Sigmund
Aim: Sigmund, wielding a scythe and wearing a robe (moderately wounded)
You shoot a sling bullet. The sling bullet hits Sigmund.
Sigmund is moderately wounded.
Firing (i - inventory. (,) - cycle):
d - 34 sling bullets (quivered)
Press: ? - help, Shift-Dir - straight line, f/p - Sigmund
Aim: Sigmund, wielding a scythe and wearing a robe (moderately wounded)
You shoot a sling bullet. The sling bullet hits Sigmund!
Sigmund is severely wounded.
Firing (i - inventory. (,) - cycle):
d - 33 sling bullets (quivered)
Press: ? - help, Shift-Dir - straight line, f/p - Sigmund
Aim: Sigmund, wielding a scythe and wearing a robe (severely wounded)
You shoot a sling bullet. The sling bullet hits Sigmund.
Sigmund is almost dead.
Sigmund gestures wildly while chanting.
Sigmund flickers and vanishes!
Deactivating autopickup; reactivate with Ctrl-A.
A magic dart appears from out of thin air!
The magic dart hits you!
You die...

.......# #.# ###
.....#.# #[# #..
.....#.#
#.#########.)
.....#.#
#............
##.###.#
######.#########..
#.# #.# #......#
##.. #.# #.#
#.###### #...
#.###.# #.# #.#.
#.##..# #@# ##.##
#.##.## #.# ......
#.##.##### #.#
###..# #.#......#
#.# #..#
#.#..###.# #.#
....
#..#.###(######.#
##.
...###..((.({....#
#
#.#.#.##(.########
.. ....(.....


There were no monsters in sight!

Vanquished Creatures
  2 adders (D:2)
  An ooze (D:2)
  A worm (D:2)
  A dart slug (D:1)
  4 hobgoblins (D:2)
  6 kobolds
  2 bats
  3 frilled lizards
  7 goblins
  2 rats
29 creatures vanquished.

Notes
Turn   | Place    | Note
-------+----------+-------------------------------------------
     0 | D:1      | Koleisus the Halfling Hunter began the quest for the Orb.
     0 | D:1      | Reached XP level 1. HP: 14/14 MP: 1/1
   151 | D:1      | Reached skill level 6 in Slings
   255 | D:1      | Reached XP level 2. HP: 19/19 MP: 2/2
   279 | D:2      | Noticed Sigmund
   870 | D:2      | Reached skill level 7 in Slings
   870 | D:2      | Reached XP level 3. HP: 24/24 MP: 3/3
  1219 | D:2      | Reached XP level 4. HP: 24/29 MP: 4/4
  1269 | D:2      | Killed from afar by Sigmund

Vault maps used:
D:1:      eino_arrival_cavern_c
D:2:      uniq_sigmund
D:3:      chequers_temple_overflow_statue_of_worship, uniq_jessica, uniq_grinder

Skill      XL: |  1  2 |
---------------+-------+-----
Slings         | 6 7 |  7.6
Fighting       | |  1.9
Armour         | |  0.5
Dodging        | |  2.2
Stealth        | |  1.2

Action                   |  1- 3 |  4- 6 || total
-------------------------+-------+-------++-------
 Fire: Hunting sling     |    69 |     5 ||    74
  Eat: Chunk             |     1 |       ||     1
Armor: Leather armour    |     2 |       ||     2
Dodge: Dodged            |    17 |       ||    17

Table legend:
 A = Spawn XP
 B = Non-spawn XP
 C = Spawn XP percentage of total XP
 D = Spawn monster count
 E = Non-spawn monster count
 F = Spawn count percentage of total count
 G = Total turns spent on level
                    A         B        C        D         E        F      G
               +---------+---------+-------+---------+---------+-------+---------
         Total |       0 |      81 |   0.0 |       0 |      29 |   0.0 |  1269
               +---------+---------+-------+---------+---------+-------+---------
           D:1 |       0 |      24 |   0.0 |       0 |      14 |   0.0 |   778
           D:2 |       0 |      57 |   0.0 |       0 |      15 |   0.0 |   487
               +---------+---------+-------+---------+---------+-------+---------
